 Dungeon Crawl Stone Soup version 0.14.0-24-gfb45beb (webtiles) character file.

789 Qrupt the Slasher (level 7, -7/51 HPs)
             Began as a Demonspawn Gladiator on Apr 22, 2014.
             Was a Plaything of Xom.
             Mangled by Duvessa
             ... wielding a +0,+0 short sword
              (8 damage)
             ... on Level 4 of the Dungeon.
             The game lasted 00:14:07 (6060 turns).

Qrupt the Slasher (Demonspawn Gladiator)            Turns: 6060, Time: 00:14:09

HP  -7/51        AC 11     Str 12 (15) XL: 7   Next: 23%
MP   7/7         EV  4     Int  9      God: Xom
Gold 164         SH  0     Dex 16      Spells:  0 memorised,  6 levels left

rFire  . . .     SeeInvis .     a - +0 long sword
rCold  . . .     Clarity  .     m - +0 chain mail
rNeg   . . .     Conserve .     (no shield)
rPois  .         rCorr    .     c - +0 helmet
rElec  .         rRot     .     n - +0 cloak
SustAb . .       Spirit   .     (no gloves)
rMut   .         Warding  .     (no boots)
Saprov . . .     Stasis   .     (no amulet)
MR     .....                    (no ring)
                                (no ring)

@: invisible, very slightly contaminated, not resistant to hostile enchantments,
extremely unstealthy
A: claws 1, rugged brown scales 1, nightstalker 1
a: Renounce Religion


You were on level 4 of the Dungeon.
You worshipped Xom.
You were a toy of Xom.
You were very hungry.

You visited 2 branches of the dungeon, and saw 5 of its levels.

You collected 164 gold pieces.

Inventory:

Hand weapons
 a - a +0,+0 long sword (weapon)
Armour
 c - a +0 helmet (worn)
 m - a +0 chain mail (worn)
 n - a +0 cloak (worn)
Magical devices
 j - a wand of confusion (0)
Comestibles
 f - a bread ration
 g - a sausage
 s - 2 meat rations
 t - 2 chokos
Scrolls
 k - a scroll of noise {unknown}
 p - a scroll of enchant weapon I {unknown}
 r - 2 scrolls of identify {unknown}
 u - a scroll of fog {unknown}
 v - a scroll of teleportation {unknown}
 w - a scroll of remove curse {unknown}
 y - a scroll of blinking {unknown}
 B - a scroll of random uselessness {unknown}
Jewellery
 b - an uncursed ring of protection from magic {unknown}
 x - an uncursed amulet of stasis {unknown}
Potions
 e - a potion of might {unknown}
 h - a potion of degeneration
 i - a potion of lignification {unknown}
 l - a potion of curing
 o - a potion of paralysis {unknown}
 q - a potion of heal wounds {unknown}
 z - a potion of berserk rage {unknown}
 D - a potion of cure mutation {unknown}
Books
 C - a book of Ice

   Spells                             Type                      Level
   Freezing Aura                      Charms/Ice                   2
   Metabolic Englaciation             Hexes/Ice                    5
   Ozocubu's Refrigeration            Ice                          6
   Bolt of Cold                       Conjuration/Ice              6
   Freezing Cloud                     Conjuration/Ice/Air          6
   Simulacrum                         Ice/Necromancy               6


   Skills:
 - Level 2.0 Fighting
 + Level 7.7 Long Blades
 - Level 1.7 Throwing
 - Level 2.6 Dodging


You had 6 spell levels left.
You didn't know any spells.

Dungeon Overview and Level Annotations

Branches:
Dungeon (4/15)             Temple (1/1) D:4

Altars:
Ashenzari
Elyvilon
Kikubaaqudgha
Makhleb
Nemelex Xobeh
Okawaru
Sif Muna
Trog
Xom
Zin
The Shining One

Annotations:
D:4 Duvessa


Innate Abilities, Weirdness & Mutations

You have sharp fingernails.
You are partially covered in rugged brown scales (AC +1, +3% HP).
You are slightly more attuned to the shadows.


Message History

Duvessa is lightly wounded.
Duvessa struggles against the net.
The net rips apart, and Duvessa comes free!
Duvessa hits you with a short sword.
* * * LOW HITPOINT WARNING * * *
Drink which item? (? for menu, Esc to quit)
You feel better. Duvessa hits you with a short sword!
* * * LOW HITPOINT WARNING * * *
Duvessa hits you but does no damage.
Drink which item? (? for menu, Esc to quit)
You feel better. Duvessa hits you with a short sword.
* * * LOW HITPOINT WARNING * * *
Drink which item? (? for menu, Esc to quit)
There was something very wrong with that liquid!
You feel weakened.
It was a potion of degeneration.
Duvessa hits you with a short sword!
* * * LOW HITPOINT WARNING * * *
Duvessa hits you with a short sword!
You die...
Xom laughs nastily!

#............................
#.........##..#####..........
#..≈≈≈....##<.#####..........
#(≈≈8≈≈......................
########..##..#####..........
#%....................
#.....................
#(...e....##.......... #?##
#(.##@########.#......
#....#(....)...............
#.....(........)...........
#....#####.#.....).........
#.... #.#.........###### #...
#.#.........# ...
#.################
#.................
##################


You could see Duvessa (berserk).

Vanquished Creatures
  A phantom (D:4)
  A hippogriff zombie (D:3)
  2 orc priests
  Dowan (D:4)
  Crazy Yiuf (D:2)
  A hound (D:4)
  An iguana (D:4)
  An orc wizard (D:4)
  A worker ant (D:4)
  2 gnolls (D:1)
  10 adders
  A giant mite (D:4)
  7 worms
  4 giant geckos
  7 orcs
  6 giant cockroaches
  17 goblins
  6 hobgoblins
  13 kobolds
  A quokka (D:4)
  A ball python (D:2)
  9 bats
  5 giant newts
  2 jackals (D:2)
  A kobold skeleton (D:3)
  6 rats
108 creatures vanquished.

Notes
Turn   | Place    | Note
--------------------------------------------------------------
     0 | D:1      | Qrupt, the Demonspawn Gladiator, began the quest for the Orb.
     0 | D:1      | Reached XP level 1. HP: 16/16 MP: 1/1
   158 | D:1      | Reached skill level 3 in Long Blades
   290 | D:1      | Gained mutation: You are partially covered in rugged brown scales (AC +1, +3% HP). [demonic ancestry]
   290 | D:1      | Reached XP level 2. HP: 8/22 MP: 2/2
   834 | D:1      | Reached XP level 3. HP: 27/27 MP: 3/3
   885 | D:1      | Reached skill level 4 in Long Blades
  1793 | D:2      | Reached XP level 4. HP: 28/33 MP: 4/4
  1993 | D:2      | Noticed Crazy Yiuf
  2019 | D:2      | Killed Crazy Yiuf
  2256 | D:2      | Reached skill level 5 in Long Blades
  2548 | D:2      | Reached XP level 5. HP: 14/39 MP: 5/5
  4012 | D:3      | Reached skill level 6 in Long Blades
  4012 | D:3      | Gained mutation: You are slightly more attuned to the shadows. [demonic ancestry]
  4012 | D:3      | Reached XP level 6. HP: 30/45 MP: 6/6
  4912 | D:4      | Reached skill level 7 in Long Blades
  4978 | D:4      | Gained mutation: You have sharp fingernails. [demonic ancestry]
  4978 | D:4      | Reached XP level 7. HP: 5/51 MP: 7/7
  5451 | D:4      | Found a staircase to the Ecumenical Temple.
  5470 | Temple   | Entered the Ecumenical Temple
  5670 | Temple   | Became a worshipper of Xom of Chaos
  5837 | D:4      | Noticed Duvessa
  5843 | D:4      | Noticed Dowan
  5847 | D:4      | XOM: silly message
  5849 | D:4      | XOM: silly message
  6038 | D:4      | XOM: potion effect (invisibility)
  6053 | D:4      | Killed Dowan
  6060 | D:4      | HP: 1/51 [Duvessa/short sword (10)]
  6060 | D:4      | Mangled by Duvessa

Action                   |  1- 3 |  4- 6 |  7- 9 || total
-------------------------+-------+-------+-------++-------
Melee: Long sword        |   101 |   351 |    61 ||   513
Throw: Throwing net      |     4 |     1 |     3 ||     8
  Use: Potion            |       |       |     4 ||     4
 Stab: Invisible         |       |       |     1 ||     1
       Held in net/web   |       |       |     1 ||     1
